 Dungeon Crawl Stone Soup version 0.28-a0-194-g42b4daccc1 (webtiles) character file.

Game seed: 7320224043471197398

182 GameKiller the Sneak (level 5, -1/42 HPs)
             Began as a Demonspawn Delver on Aug 18, 2021.
             Slain by a gnoll sergeant (2 damage)
             ... on level 3 of the Dungeon.
             The game lasted 00:23:05 (4268 turns).

GameKiller the Sneak (Demonspawn Delver)            Turns: 4268, Time: 00:23:06

Health: -1/42      AC:  6    Str: 19    XL:     5   Next: 34%
Magic:  5/6        EV: 11    Int: 12    God:
Gold:   144        SH:  0    Dex: 14    Spells: 5/5 levels left

rFire   . . .      SeeInvis .   b - +0 double sword (vorpal)
rCold   . . .      Faith    .   (no shield)
rNeg    . . .      Spirit   .   z - +0 ring mail {rPois}
rPois   +          Reflect  .   x - +0 helmet
rElec   .          Harm     .   r - scarf {shadows}
rCorr   .          Rampage  .   (no gloves)
Will    .....                   (no boots)
Stlth   +.........              (no amulet)
HPRegen 0.14/turn               n - +6 ring of strength
MPRegen 0.10/turn               (no ring)

@: confused, hasted, very quick
A: demonic guardian 1
a: no special abilities


You were on level 3 of the Dungeon.
You visited 1 branch of the dungeon, and saw 5 of its levels.
You also visited: Sewer.

You collected 144 gold pieces.

Inventory:

Hand Weapons
 a - a +1 falchion
 b - a +0 vorpal double sword (weapon)
Missiles
 m - a throwing net (quivered)
Armour
 r - a scarf of shadows (worn)
 x - a +0 helmet (worn)
 z - a +0 ring mail of poison resistance (worn)
Jewellery
 n - a +6 ring of strength (left hand)
Wands
 g - a wand of digging (3)
 h - a wand of polymorph (7)
 s - a wand of flame (12)
Scrolls
 c - 5 scrolls of fog
 e - 3 scrolls of fear
 t - a scroll of enchant armour {unknown}
 v - a scroll of identify {unknown}
 w - a scroll of amnesia {unknown}
 y - a scroll of teleportation
Potions
 f - a potion of haste
 j - a potion of might {unknown}
 k - a potion of magic {unknown}
 o - 3 potions of curing {unknown}
 p - a potion of brilliance {unknown}
 q - 2 potions of lignification {unknown}
 u - 3 potions of mutation {unknown}


   Skills:
 * Level 4.0 Fighting
 * Level 3.0 Long Blades
 + Level 1.4 Armour
 + Level 2.5 Dodging
 + Level 4.9 Stealth
 + Level 0.6 Spellcasting


You had 5 spell levels left.
You didn't know any spells.
Your spell library contained the following spells:

 Spells                   Type           Power      Damage    Failure   Level
 Sublimation of Blood     Necr           0%         N/A       63%         2
 Gell's Gravitas          Tloc           0%         N/A       86%         3
 Teleport Other           Tloc           0%         N/A       86%         3
 Petrify                  Tmut/Erth      0%         N/A       99%         4
 Irradiate                Conj/Tmut      0%         3d13      100%        5
 Dispersal                Tloc           0%         N/A       100%        6


Dungeon Overview and Level Annotations

Branches:
Dungeon (5/15)              Sewer (visited)
 Temple: D:4-7

Altars:
Hepliaklqana

Shops:
D:3 (   D:4 *

Annotations:
D:3 1 transporter, Loskel's ghost, weakling SpEn


Innate Abilities, Weirdness & Mutations

A weak demonic guardian rushes to your aid.


Message History

The gnoll zaps a wand.
You resist with some effort.
The gnoll hits you from afar with a +0 spear.
The gnoll zaps a wand.
Your will is overpowered!
You are confused.
The gnoll closely misses you.
There is an open translucent door here.
You closely miss the gnoll.
The gnoll shouts!
The gnoll throws a throwing net.
The throwing net closely misses you.
The throwing net hits the gnoll.
The gnoll is caught in the net!
The gnoll struggles against the net.
The gnoll hits you from afar with a +0 spear.
The gnoll barely misses you.
The gnoll struggles against the net.
The gnoll hits you from afar with a +0 spear.
The gnoll zaps a wand.
Your will is overpowered!
You are more confused.
The gnoll struggles against the net.
There is an open translucent door here.
You slash the gnoll!
You kill the gnoll!
The gnoll misses you.
The gnoll hits you from afar with a +0 spear.
You're too confused to move!
The gnoll closely misses you.
Loskel's ghost turns its malevolent gaze towards you.
The gnoll shouts!
You hear a shout!
Things that are here:
a +0 spear; a wand of charming (6); a throwing net The gnoll sergeant hits you from afar with the +10 spear "Giantbane" {chaos, rPois Will+}!
The gnoll sergeant freezes you.
A demonic guardian appears!
You slash your shadow imp!
You kill your shadow imp!
The gnoll hits you from afar with a +0 spear.
* * * LOW HITPOINT WARNING * * *
The gnoll sergeant barely misses you. The gnoll closely misses you.
You are too confused!
You feel yourself speed up.
The gnoll sergeant hits you from afar with the +10 spear "Giantbane" {chaos, rPois Will+}!
* * * LOW HITPOINT WARNING * * *
The gnoll sergeant burns you.
You die...

#..≈≈#...........#≈≈.###÷###..#
#..≈≈###.##'##.###≈≈.# #..#.#.#
#..≈≈..#g#...#.#..≈≈.# #.#.##..
##.≈≈.##.#⌠.⌠#.##.≈≈.# #.#.####
#.≈≈.#g.#...#..#.≈≈.# #.#.# #
#.≈≈.##.##.##.##.≈≈.# #.#.####
#.....#.#..g#.#..≈≈.# #.#..(.#
#....©#.'.©g'.#©.≈≈.# #.######
#.....#.#8⌠8#@#..≈≈.# #.#
#.≈≈.##.#####.##[≈≈.###.###
#.≈≈.#..#W:g#g©#.≈≈.......#
#.≈≈.##g#...#.##.≈≈.#.....#
#.≈≈..#.#$$$#g#..≈≈.#.###.####
#.≈≈###.##'##.###≈≈.#.# #.....
#.≈≈#g.g.g..W...#≈≈..<###.####
#.≈≈##.###.###g##≈≈.......#
#.≈≈#..#8###8#gg#≈≈....#######


You could see a gnoll sergeant, Loskel's ghost and 4 gnolls.

Vanquished Creatures
  An iguana (D:4)
  Terence (D:3)
  A gnoll (D:3)
  2 adders (D:3)
  2 worms (D:2)
  2 orcs (D:2)
  5 ball pythons
  2 endoplasms
  4 giant cockroaches
  12 goblins
  6 hobgoblins
  4 jackals
  10 kobolds
  4 quokkas (D:4)
  6 bats
  9 frilled lizards
  A quokka skeleton (D:4)
  5 rats
77 creatures vanquished.

Vanquished Creatures (collateral kills)
  Robin (D:2)
  An adder (D:2)
  A worm (D:2)
  An orc (D:2)
  2 goblins (D:2)
  A ball python (D:2)
  A frilled lizard (Sewer)
  A kobold (Sewer)
  A rat (D:2)
10 creatures vanquished.

Vanquished Creatures (others)
  21 plants
21 creatures vanquished.

Grand Total: 108 creatures vanquished

Notes
Turn   | Place    | Note
-------+----------+-------------------------------------------
     0 | D:5      | GameKiller the Demonspawn Delver began the quest for the
                  | Orb.
     0 | D:5      | Reached XP level 1. HP: 18/18 MP: 1/1
   133 | D:4      | Found a glowing drain.
   148 | D:4      | Gained mutation: A weak demonic guardian rushes to your
                  | aid. [demonic ancestry]
   148 | D:4      | Reached XP level 2. HP: 23/24 MP: 2/2
   189 | Sewer    | Entered a sewer
   215 | Sewer    | HP: 1/24 [kobold (4)]
  1009 | D:4      | Found Tamneop's CLEARANCE SALE! EVERYTHING MUST GO!.
  1069 | D:4      | Reached XP level 3. HP: 29/29 MP: 3/3
  1216 | D:4      | Noticed an ogre
  1278 | D:3      | Reached skill level 1 in Armour
  1322 | D:3      | Reached XP level 4. HP: 31/37 MP: 4/4
  1593 | D:3      | Noticed Terence
  1607 | D:3      | Killed Terence
  1828 | D:3      | Found Sudix's Antique Weapon Emporium.
  1894 | D:3      | Noticed Loskel's ghost (weakling SpEn)
  1919 | D:3      | Found a transporter.
  1940 | D:3      | Identified the +10 spear "Giantbane" {chaos, rPois Will+}
  1940 | D:3      | Identified the +0 scale mail of Exclusion {*Slow MP+9 Str+7
                  | Stlth+}
  1940 | D:3      | Identified the +0 buckler of the Equator {rPois rF+ Will+
                  | Int+2}
  1940 | D:3      | Noticed a gnoll sergeant
  2006 | D:3      | Found a transporter.
  2399 | D:2      | Found a hazy altar of Hepliaklqana.
  2764 | D:2      | You fall into a shaft and drop 1 floor!
  2852 | D:2      | Noticed Robin
  2871 | D:2      | Reached XP level 5. HP: 36/42 MP: 5/5
  2887 | D:2      | Killed Robin
  3810 | D:1      | Found a faded altar of an unknown god.
  4221 | D:3      | Identified a scroll of acquirement
  4221 | D:3      | Acquired a +0 vorpal double sword
  4268 | D:3      | HP: 1/42 [gnoll sergeant (7)]
  4268 | D:3      | Slain by a gnoll sergeant

Illustrated notes

Levels and vault maps discovered:
D:1:      enne_arrival_octagon_isle, layout_loops_cross, basic_ecumenical_altar
D:2:      layout_rooms, basic_altar, minmay_misc_feat_hallway, nrook_campfire,
          uniq_robin
D:3:      minmay_evil_eye, layout_loops_ring, serial_shops, nicolae_square_shop,
          gammafunk_ghost_gnarly_gnolls, uniq_terence
D:4:      layout_loops_ring, nicolae_dithmenos_the_darkroom,
          gup_sewer_entry_pipe, nicolae_shop_clearance
D:5:      layout_basic

Skill      XL: |  1  2  3  4  5 |
---------------+----------------+-----
Long Blades    | 2 3 |  3.0
Dodging        | 2 |  2.5
Armour         | 1 |  1.4
Fighting       | 4 |  4.0
Stealth        | |  4.9
Spellcasting   | |  0.6

Action                   |  1- 3 |  4- 6 || total
-------------------------+-------+-------++-------
Melee: Falchion          |   136 |   141 ||   277
       Double sword      |       |     3 ||     3
  Use: Scroll            |     1 |     3 ||     4
       Potion            |       |     1 ||     1
 Stab: Sleeping          |       |     7 ||     7
Armor: Ring mail         |    61 |    45 ||   106
Dodge: Dodged            |    81 |    95 ||   176
       Rpst.: Falchion   |    24 |    29 ||    53

Table legend: (Time is in decaauts)
 A = Elapsed time spent in this place.
 B = Non-inter-level travel time spent in this place.
 C = Inter-level travel time spent in this place.
 D = Time resting spent in this place.
 E = Time spent auto-exploring this place.
 F = Levels seen in this place.
 G = Mean time per level.
                   A        B        C        D        E       F      G
               +--------+--------+--------+--------+--------+-----+--------+
         Total |   4493 |   4344 |    149 |    742 |   1379 |   6 |  748.8 |
       Dungeon |   3544 |   3395 |    149 |    463 |   1379 |   5 |  708.8 |
         Sewer |    948 |    948 |      0 |    279 |      0 |   1 |  948.0 |
               +--------+--------+--------+--------+--------+-----+--------+

Top non-repeatable levels by time:
     D:3: 1236 daAuts
     D:2: 1031 daAuts
   Sewer: 948 daAuts
     D:1: 758 daAuts
     D:4: 472 daAuts
     D:5: 46 daAuts
